Sharks vs Avalanche
(R1)
Created - March 12, 2018 at 19:07
Goals
|
Sharks |
0 |
0 |
1 |
1 |
Avalanche |
1 |
3 |
1 |
5 |
|
Shots
|
Sharks |
9 |
6 |
7 |
22 |
Avalanche |
7 |
16 |
10 |
33 |
|
1st period
1. Avalanche , Mikkel Boedker 34 (Corey Perry 23, Bryan Little 47) at 13:20 (PP)
Penalties :
Boris Valabik (SJS) for Holding (Minor) at 9:07, Maxim Afinogenov (SJS) for Slashing (Minor) at 13:13, Andrej Sekera (SJS) for Roughing (Minor) at 14:27, Chris Drury (Col) for Hooking (Minor) at 19:01
2nd period
2. Avalanche , Alexander Radulov 14 (Marc Staal 22, Andrew Ladd 14) at 2:22
3. Avalanche , Chuck Kobasew 10 (Kyle Turris 1, Ryan Smyth 10) at 12:45
4. Avalanche , Corey Perry 24 (Bryan Little 48) at 18:32
Penalties :
Boris Valabik (SJS) for Tripping (Minor) at 2:46, Jay Bouwmeester (Col) for Hooking (Minor) at 7:12, Ryan Smyth (Col) for High sticking (Minor) at 8:01, Steve Montador (SJS) for Hooking (Minor) at 9:47, Andrei Kostitsyn (Col) for Cross-checking (Minor) at 17:10, David Legwand (SJS) for Slashing (Minor) at 17:15, Oskar Osala (SJS) for Holding (Minor) at 18:56
3rd period
5. Avalanche , Alexander Radulov 15 (Chris Drury 22, Jack Johnson 35) at 2:26
6. Sharks , Frans Nielsen 29 (Andrej Sekera 10, Maxim Afinogenov 29) at 13:35
Penalties :
Steve Montador (SJS) for Tripping (Minor) at 3:55, Jay Bouwmeester (Col) for Fighting (Major) at 10:44, David Legwand (SJS) for Fighting (Major) at 10:44, Maxim Afinogenov (SJS) for Slashing (Minor) at 11:05, Andrew Ladd (Col) for Fighting (Major) at 13:38, Ted Purcell (SJS) for Fighting (Major) at 13:38, Dan Boyle (Col) for Fighting (Major) at 13:56, Maxim Afinogenov (SJS) for Fighting (Major) at 13:56, Erik Cole (SJS) for Roughing (Minor) at 15:28
Goalie Stats
Brent Krahn (SJS), 19 saves from 24 shots - (0.792), L, 9-11-2, 42:26 minutes
Tyler Weiman (SJS), 9 saves from 9 shots - (1.000), 17:34 minutes
Semyon Varlamov (Col), 21 saves from 22 shots - (0.955), W, 31-18-4, 60:00 minutes
Players Stats for Sharks
Player Name G A P +/- PIM S H SB GA TA FO MP PP MP PK MP
------------------------------------------------------------------------------------
Andrej Sekera 0 1 1 -2 2 0 0 1 1 0 0/0 11:39 0:00 1:22
Boris Valabik 0 0 0 0 4 1 0 3 0 0 0/0 11:25 0:00 0:00
Cal Clutterbuck 0 0 0 0 0 0 0 0 0 0 0/1 10:30 1:52 0:00
Chris Campoli 0 0 0 -2 0 0 1 0 1 0 0/0 19:32 1:55 6:02
Damien Brunner 0 0 0 -1 0 2 1 0 0 0 2/5 9:53 0:00 3:48
David Legwand 0 0 0 -1 7 2 0 0 0 1 19/32 21:01 2:46 8:17
Erik Cole 0 0 0 1 2 0 3 0 0 0 1/1 7:00 0:00 1:28
Frans Nielsen 1 0 1 1 0 3 4 0 1 0 3/11 21:28 1:52 5:09
Kevin Shattenkirk 0 0 0 -1 0 3 1 4 0 2 0/0 29:58 2:44 9:45
Mark Stuart 0 0 0 -1 0 3 1 1 0 0 0/0 28:46 2:44 9:44
Maxim Afinogenov 0 1 1 1 9 1 1 0 2 0 1/3 17:26 2:47 3:08
Nick Palmieri 0 0 0 -2 0 1 2 0 0 2 0/0 12:57 0:00 0:00
Oskar Osala 0 0 0 -1 2 1 2 0 0 0 3/12 6:05 0:00 0:45
Rob Schremp 0 0 0 -2 0 1 1 0 0 0 0/0 10:26 0:00 0:00
Ryane Clowe 0 0 0 0 0 2 1 0 0 0 0/0 11:12 1:52 0:58
Steve Montador 0 0 0 0 4 0 2 2 0 1 0/0 20:04 1:54 4:39
T.J. Hensick 0 0 0 -2 0 0 4 0 1 0 3/4 10:26 0:00 0:00
Ted Purcell 0 0 0 -2 5 2 0 2 0 0 0/1 22:09 2:47 7:50
Players Stats for Avalanche
Player Name G A P +/- PIM S H SB GA TA FO MP PP MP PK MP
------------------------------------------------------------------------------------
Alexander Radulov 2 0 2 1 0 3 2 0 0 0 2/2 15:57 6:15 0:52
Andrei Kostitsyn 0 0 0 0 2 0 1 0 0 0 1/1 18:36 7:05 0:00
Andrew Ladd 0 1 1 1 5 4 0 0 0 0 5/8 10:36 0:00 2:42
Brandon Yip 0 0 0 0 0 0 1 0 0 0 1/2 10:51 0:00 0:00
Bryan Little 0 2 2 1 0 3 4 1 1 1 19/33 22:05 9:18 0:00
Chris Drury 0 1 1 1 2 1 1 0 0 0 2/9 9:04 0:00 0:17
Chuck Kobasew 1 0 1 1 0 2 2 0 1 1 2/2 10:34 0:00 3:30
Corey Perry 1 1 2 1 0 6 2 0 0 0 0/1 22:05 9:18 0:00
Dan Boyle 0 0 0 0 5 0 6 1 0 0 0/0 21:03 8:38 0:00
Jack Johnson 0 1 1 1 0 1 1 0 0 0 0/0 21:58 6:00 1:57
Jay Bouwmeester 0 0 0 1 7 3 3 2 0 1 0/0 20:00 8:15 0:09
Johnny Boychuk 0 0 0 1 0 0 2 1 0 1 0/0 15:16 1:15 2:22
Kyle Turris 0 1 1 1 0 3 1 0 0 0 0/0 7:04 0:00 0:00
Marc Staal 0 1 1 2 0 3 0 1 1 0 0/0 18:17 1:28 2:17
Mikkel Boedker 1 0 1 0 0 3 2 0 1 0 0/1 19:37 8:25 0:00
Paul Stastny 0 0 0 0 0 1 1 0 0 0 6/11 17:08 6:15 0:00
Pernell Karl Subban 0 0 0 1 0 0 1 0 1 1 0/0 23:32 5:30 2:42
Ryan Smyth 0 1 1 1 2 0 0 0 1 1 0/0 8:14 0:03 0:37
3 Stars
1 - Alexander Radulov (Col)
2 - Corey Perry (Col)
3 - Bryan Little (Col)
Power Play
Sharks - 0 on 4 Attempt(s) - 0.00%
Avalanche - 1 on 11 Attempt(s) - 9.09%
Penalty Kill
Sharks - 10 on 11 Attempt(s) - 90.91%
- Score 0 goal in Penalty Kill
Avalanche - 4 on 4 Attempt(s) - 100.00%
- Score 0 goal in Penalty Kill
Team Stat
Sharks - Hits : 24 - Faceoff Wins : 32 - Blocked Shots : 13 - Penalty Minutes : 35
Avalanche - Hits : 30 - Faceoff Wins : 38 - Blocked Shots : 6 - Penalty Minutes : 23
Official
Referees : Kowal Tom and Joannette Marc
Linesman : Jonny Murray and Brad Lazarowich
Game Notes
Tyler Weiman enters game at 2:26 of 3rd period
10:24 of 3rd period - Penalty Shot by Chris Campoli for Sharks - Stopped by Semyon Varlamov
David Legwand beats up Jay Bouwmeester at 10:44 of 3rd period
Andrew Ladd beats up Ted Purcell at 13:38 of 3rd period
Dan Boyle and Maxim Afinogenov fight to a draw at 13:56 of 3rd period
Finance
Level 1 -- Attendance: 5786 (96.43%) -- Ticket Income $514,954
Level 2 -- Attendance: 5000 (100.00%) -- Ticket Income $275,000
Level 3 -- Attendance: 1939 (96.95%) -- Ticket Income $63,987
Level 4 -- Attendance: 4000 (100.00%) -- Ticket Income $92,000
Luxury Box -- Attendance: 808 (80.80%) -- Ticket Income $138,976
Game was played at the Pepsi Center.
Total Attendance: 17533 (97.41%)
Total Ticket Income: $1,084,917
Other Income: $162,738
Total Income: $1,247,655
Sharks
5 vs 5 Forward
Center Left Wing Right Wing Time % Phy DF OF
1 David Legwand Ted Purcell Maxim Afinogenov 40 1 2 2
2 Frans Nielsen Ryane Clowe Cal Clutterbuck 30 2 1 2
3 T.J. Hensick Rob Schremp Nick Palmieri 20 2 1 2
4 Frans Nielsen Erik Cole Damien Brunner 10 2 1 2
5 vs 5 Defense
Defense Defense Time % Phy DF OF
1 Kevin Shattenkirk Mark Stuart 40 2 1 2
2 Steve Montador Boris Valabik 30 2 1 2
3 Chris Campoli Andrej Sekera 20 2 1 2
4 Kevin Shattenkirk Mark Stuart 10 2 1 2
PowerPlay Forward
Center Left Wing Right Wing Time % Phy DF OF
1 David Legwand Ted Purcell Maxim Afinogenov 60 2 0 3
2 Frans Nielsen Ryane Clowe Cal Clutterbuck 40 2 0 3
PowerPlay Defense
Defense Defense Time % Phy DF OF
1 Kevin Shattenkirk Mark Stuart 60 1 1 3
2 Steve Montador Chris Campoli 40 1 1 3
Penalty Kill 4 Players Forward
Center Wing Time % Phy DF OF
1 David Legwand Ted Purcell 60 2 3 0
2 Frans Nielsen Maxim Afinogenov 40 2 3 0
Penalty Kill 4 Players Defense
Defense Defense Time % Phy DF OF
1 Kevin Shattenkirk Mark Stuart 60 2 3 0
2 Chris Campoli Steve Montador 40 2 3 0
Penalty Kill - 3 Players Forward
Forward Time % Phy DF OF
1 David Legwand 60 1 4 0
2 Frans Nielsen 40 1 4 0
Penalty Kill - 3 Players Defense
Defense Defense Time % Phy DF OF
1 Kevin Shattenkirk Mark Stuart 60 1 4 0
2 Chris Campoli Steve Montador 40 1 4 0
4 vs 4 Forward
Center Wing Time % Phy DF OF
1 David Legwand Ted Purcell 60 1 1 3
2 Erik Cole Maxim Afinogenov 40 1 1 3
4 vs 4 Defense
Defense Defense Time % Phy DF OF
1 Kevin Shattenkirk Mark Stuart 60 2 1 2
2 Andrej Sekera Steve Montador 40 2 1 2
Last Minutes Offensive
Center Left Wing Right Wing Defense Defense
David Legwand Ted Purcell Maxim Afinogenov Kevin Shattenkirk Mark Stuart
Last Minutes Defensive
Center Left Wing Right Wing Defense Defense
Frans Nielsen Ted Purcell Maxim Afinogenov Chris Campoli Steve Montador
Goaltenders
Starting : Brent Krahn
Backup : Tyler Weiman
Extra Forwards
Normal : Oskar Osala, Nick Palmieri, Damien Brunner - PP : Oskar Osala, Nick Palmieri - PK : Damien Brunner
Extra Defensemen
Normal : Chris Campoli, Boris Valabik, Andrej Sekera - PP : Boris Valabik - PK : Chris Campoli, Andrej Sekera
Penalty Shots
Ted Purcell, Rob Schremp, Maxim Afinogenov, T.J. Hensick, Frans Nielsen
Scratches
Brayden McNabb (Healthy), Martin Erat (Healthy), Patrick O'Sullivan (Healthy), Patrik Elias (Healthy), Justin Pogge (Healthy)
Avalanche
5 vs 5 Forward
Center Left Wing Right Wing Time % Phy DF OF
1 Bryan Little Mikkel Boedker Corey Perry 30 0 2 2
2 Paul Stastny Andrei Kostitsyn Brandon Yip 30 1 2 2
3 Chris Drury Andrew Ladd Alexander Radulov 25 1 2 2
4 Kyle Turris Ryan Smyth Chuck Kobasew 15 1 2 2
5 vs 5 Defense
Defense Defense Time % Phy DF OF
1 Jack Johnson Marc Staal 35 1 2 2
2 Pernell Karl Subban Jay Bouwmeester 35 1 2 2
3 Dan Boyle Johnny Boychuk 30 1 2 2
4 Jack Johnson Marc Staal 0 1 2 2
PowerPlay Forward
Center Left Wing Right Wing Time % Phy DF OF
1 Bryan Little Mikkel Boedker Corey Perry 60 1 2 2
2 Paul Stastny Andrei Kostitsyn Alexander Radulov 40 1 2 2
PowerPlay Defense
Defense Defense Time % Phy DF OF
1 Dan Boyle Jay Bouwmeester 60 1 2 2
2 Pernell Karl Subban Jack Johnson 40 1 2 2
Penalty Kill 4 Players Forward
Center Wing Time % Phy DF OF
1 Andrew Ladd Chuck Kobasew 60 1 2 2
2 Chris Drury Ryan Smyth 40 1 2 2
Penalty Kill 4 Players Defense
Defense Defense Time % Phy DF OF
1 Pernell Karl Subban Marc Staal 60 1 2 2
2 Jack Johnson Johnny Boychuk 40 1 2 2
Penalty Kill - 3 Players Forward
Forward Time % Phy DF OF
1 Chuck Kobasew 60 1 2 2
2 Ryan Smyth 40 1 2 2
Penalty Kill - 3 Players Defense
Defense Defense Time % Phy DF OF
1 Jack Johnson Marc Staal 60 1 2 2
2 Pernell Karl Subban Johnny Boychuk 40 1 2 2
4 vs 4 Forward
Center Wing Time % Phy DF OF
1 Bryan Little Corey Perry 60 1 2 2
2 Mikkel Boedker Andrei Kostitsyn 40 1 2 2
4 vs 4 Defense
Defense Defense Time % Phy DF OF
1 Jack Johnson Marc Staal 60 1 2 2
2 Pernell Karl Subban Jay Bouwmeester 40 1 2 2
Last Minutes Offensive
Center Left Wing Right Wing Defense Defense
Bryan Little Mikkel Boedker Corey Perry Jack Johnson Dan Boyle
Last Minutes Defensive
Center Left Wing Right Wing Defense Defense
Chris Drury Andrew Ladd Chuck Kobasew Jack Johnson Marc Staal
Goaltenders
Starting : Semyon Varlamov
Backup : Hannu Toivonen
Extra Forwards
Normal : Andrei Kostitsyn, Andrew Ladd, Alexander Radulov - PP : Paul Stastny, Andrew Ladd - PK : Alexander Radulov
Extra Defensemen
Normal : Dan Boyle, Johnny Boychuk, Pernell Karl Subban - PP : Dan Boyle - PK : Johnny Boychuk, Pernell Karl Subban
Penalty Shots
Bryan Little, Corey Perry, Mikkel Boedker, Andrei Kostitsyn, Paul Stastny
Scratches
Mike Comrie (Right Hip Injury)
% Time on Ice - Sharks
Lines # - Real PCT - Wanted PCT - Time Play
Normal Forward
1 - 35% - 40% - 13:15
2 - 27% - 30% - 10:09
3 - 28% - 20% - 10:26
4 - 10% - 10% - 3:51
Normal Defense
1 - 39% - 40% - 14:38
2 - 37% - 30% - 13:59
3 - 24% - 20% - 8:59
4 - 0% - 10% - 0:05
PP Forward
1 - 60% - 60% - 2:47
2 - 40% - 40% - 1:52
PP Defense
1 - 59% - 60% - 2:44
2 - 41% - 40% - 1:55
PK Forward
1 - 76% - 60% - 11:46
2 - 24% - 40% - 3:42
PK Defense
1 - 61% - 60% - 9:26
2 - 39% - 40% - 6:02
PK3 Forward
1 - 100% - 60% - 0:18
2 - 0% - 40% - 0:00
PK3 Defense
1 - 100% - 60% - 0:18
2 - 0% - 40% - 0:00
44 Forward
1 - 100% - 60% - 1:54
2 - 0% - 40% - 0:00
44 Defense
1 - 83% - 60% - 1:35
2 - 17% - 40% - 0:19
Last Minute Offensive - 0:00
Last Minute Defensive - 0:00
Total
Forward - 60:00
Defense - 60:00
|
% Time on Ice - Avalanche
Lines # - Real PCT - Wanted PCT - Time Play
Normal Forward
1 - 29% - 30% - 10:56
2 - 30% - 30% - 11:07
3 - 23% - 25% - 8:34
4 - 19% - 15% - 7:04
Normal Defense
1 - 38% - 35% - 14:26
2 - 33% - 35% - 12:34
3 - 28% - 30% - 10:41
4 - 0% - 0% - 0:00
PP Forward
1 - 60% - 60% - 9:18
2 - 40% - 40% - 6:15
PP Defense
1 - 78% - 60% - 12:10
2 - 22% - 40% - 3:23
PK Forward
1 - 78% - 60% - 2:42
2 - 22% - 40% - 0:47
PK Defense
1 - 53% - 60% - 1:50
2 - 47% - 40% - 1:39
PK3 Forward
1 - 69% - 60% - 0:48
2 - 31% - 40% - 0:22
PK3 Defense
1 - 39% - 60% - 0:27
2 - 61% - 40% - 0:43
44 Forward
1 - 87% - 60% - 1:51
2 - 13% - 40% - 0:16
44 Defense
1 - 98% - 60% - 2:05
2 - 2% - 40% - 0:02
Last Minute Offensive - 0:00
Last Minute Defensive - 0:00
Total
Forward - 60:00
Defense - 60:00
|
Play by Play
1st period
0:01 of 1st period - David Legwand wins face-off versus Bryan Little in neutral zone.
0:04 of 1st period - Backhand shot by David Legwand.
0:04 of 1st period - Shot Blocked by Marc Staal.
0:12 of 1st period - Snap shot by Corey Perry.
0:12 of 1st period - Deflect By Mikkel Boedker.
0:12 of 1st period - Shot Blocked by Kevin Shattenkirk.
0:12 of 1st period - Puck is out of play.
0:13 of 1st period - Andrei Kostitsyn wins face-off versus Frans Nielsen in Sharks zone.
0:24 of 1st period - Snap shot by Andrei Kostitsyn.
0:24 of 1st period - Shot Misses the Net.
0:40 of 1st period - Boris Valabik is hit by Chris Drury.
1:06 of 1st period - Snap shot by Ted Purcell.
1:06 of 1st period - Stopped by Semyon Varlamov with a rebound.
1:34 of 1st period - Boris Valabik is hit by Mikkel Boedker and loses puck.
1:47 of 1st period - Dan Boyle is hit by T.J. Hensick and loses puck.
2:04 of 1st period - Snap shot by Corey Perry.
2:04 of 1st period - Shot Misses the Net.
2:50 of 1st period - Wrist shot by Rob Schremp.
2:50 of 1st period - Stopped by Semyon Varlamov with a rebound.
3:06 of 1st period - Snap shot by Chuck Kobasew.
3:06 of 1st period - Shot Misses the Net.
4:30 of 1st period - Corey Perry is hit by Damien Brunner and loses puck.
4:41 of 1st period - Boris Valabik is hit by Alexander Radulov and loses puck.
4:58 of 1st period - Jack Johnson is hit by T.J. Hensick and loses puck.
5:05 of 1st period - Rob Schremp is hit by Brandon Yip and loses puck.
5:21 of 1st period - Mark Stuart is hit by Jack Johnson and loses puck.
5:57 of 1st period - Wrist shot by Ryane Clowe.
5:57 of 1st period - Stopped by Semyon Varlamov with a rebound.
6:15 of 1st period - Wrist shot by Corey Perry.
6:15 of 1st period - Shot Misses the Net.
6:17 of 1st period - Snap shot by Corey Perry.
6:17 of 1st period - Shot Misses the Net.
6:19 of 1st period - Snap shot by Bryan Little.
6:19 of 1st period - Stopped by Brent Krahn with a rebound.
6:39 of 1st period - Wrist shot by Mikkel Boedker.
6:39 of 1st period - Stopped by Brent Krahn without a rebound.
6:40 of 1st period - David Legwand wins face-off versus Paul Stastny in Sharks zone.
6:55 of 1st period - Wrist shot by Ted Purcell.
6:55 of 1st period - Shot Misses the Net.
7:07 of 1st period - Chris Drury is hit by T.J. Hensick and loses puck.
7:38 of 1st period - Kevin Shattenkirk is hit by Johnny Boychuk.
7:39 of 1st period - Icing by Kevin Shattenkirk.
7:40 of 1st period - Brandon Yip wins face-off versus T.J. Hensick in Sharks zone.
7:51 of 1st period - Slapshot by Jack Johnson.
7:51 of 1st period - Stopped by Brent Krahn with a rebound.
7:53 of 1st period - Slapshot by Jack Johnson.
7:53 of 1st period - Shot Blocked by Kevin Shattenkirk.
8:41 of 1st period - Off-side.
8:42 of 1st period - David Legwand wins face-off versus Bryan Little in neutral zone.
9:05 of 1st period - Snap shot by Jack Johnson.
9:05 of 1st period - Shot Blocked by Boris Valabik.
9:07 of 1st period - Minor Penalty to Boris Valabik for Holding.
9:08 of 1st period - David Legwand wins face-off versus Corey Perry in Sharks zone.
9:08 of 1st period - David Legwand is hit by Corey Perry.
9:18 of 1st period - Mikkel Boedker is hit by Mark Stuart.
11:07 of 1st period - Penalty to Boris Valabik is over, Boris Valabik is back on ice.
12:11 of 1st period - Wrist shot by Damien Brunner.
12:11 of 1st period - Shot Misses the Net.
12:31 of 1st period - Jay Bouwmeester is hit by T.J. Hensick and loses puck.
12:44 of 1st period - Wrist shot by Damien Brunner.
12:44 of 1st period - Stopped by Semyon Varlamov without a rebound.
12:45 of 1st period - Bryan Little wins face-off versus Frans Nielsen in Avalanche zone.
12:58 of 1st period - Slapshot by Jack Johnson.
12:58 of 1st period - Shot Misses the Net.
13:00 of 1st period - Snap shot by Corey Perry.
13:00 of 1st period - Stopped by Brent Krahn without a rebound.
13:01 of 1st period - Paul Stastny wins face-off versus Maxim Afinogenov in Sharks zone.
13:13 of 1st period - Minor Penalty to Maxim Afinogenov for Slashing.
13:14 of 1st period - Bryan Little wins face-off versus David Legwand in Sharks zone.
13:20 of 1st period - Wrist shot by Corey Perry.
13:20 of 1st period - Deflect By Mikkel Boedker.
13:20 of 1st period - Goal by Mikkel Boedker - Sharks : 0 - Avalanche : 1.
13:21 of 1st period - David Legwand wins face-off versus Paul Stastny in neutral zone.
14:10 of 1st period - Snap shot by Nick Palmieri.
14:10 of 1st period - Stopped by Semyon Varlamov with a rebound.
14:27 of 1st period - Minor Penalty to Andrej Sekera for Roughing.
14:28 of 1st period - David Legwand wins face-off versus Bryan Little in Sharks zone.
14:28 of 1st period - David Legwand is hit by Bryan Little.
14:40 of 1st period - Slapshot by Ted Purcell.
14:40 of 1st period - Deflect By David Legwand.
14:40 of 1st period - Shot Misses the Net.
14:40 of 1st period - Puck is out of play.
14:41 of 1st period - David Legwand wins face-off versus Mikkel Boedker in Avalanche zone.
15:29 of 1st period - Steve Montador is hit by Dan Boyle and loses puck.
15:41 of 1st period - Icing by Mikkel Boedker.
15:42 of 1st period - Frans Nielsen wins face-off versus Bryan Little in Avalanche zone.
15:49 of 1st period - Jack Johnson is hit by Steve Montador and loses puck.
16:24 of 1st period - Wrist shot by Maxim Afinogenov.
16:24 of 1st period - Stopped by Semyon Varlamov with a rebound.
16:27 of 1st period - Penalty to Andrej Sekera is over, Andrej Sekera is back on ice.
16:37 of 1st period - Andrej Sekera is hit by Dan Boyle and loses puck.
16:48 of 1st period - Backhand shot by Chuck Kobasew.
16:48 of 1st period - Deflect By Kyle Turris.
16:48 of 1st period - Stopped by Brent Krahn with a rebound.
17:23 of 1st period - Kevin Shattenkirk is hit by Johnny Boychuk and loses puck.
18:14 of 1st period - Bryan Little is hit by Steve Montador and loses puck.
18:43 of 1st period - Wrist shot by Chuck Kobasew.
18:43 of 1st period - Stopped by Brent Krahn with a rebound.
19:01 of 1st period - Minor Penalty to Chris Drury for Hooking.
19:02 of 1st period - David Legwand wins face-off versus Andrew Ladd in Avalanche zone.
19:06 of 1st period - Slapshot by David Legwand.
19:06 of 1st period - Stopped by Semyon Varlamov with a rebound.
19:08 of 1st period - Snap shot by Ted Purcell.
19:08 of 1st period - Stopped by Semyon Varlamov without a rebound.
19:09 of 1st period - Andrew Ladd wins face-off versus David Legwand in Avalanche zone.
19:40 of 1st period - Slapshot by Steve Montador.
19:40 of 1st period - Deflect By Frans Nielsen.
19:40 of 1st period - Stopped by Semyon Varlamov without a rebound.
19:41 of 1st period - Andrew Ladd wins face-off versus Frans Nielsen in Avalanche zone.
19:41 of 1st period - Andrew Ladd is hit by Ryane Clowe.
Goals for this period are 0 for Sharks vs 1 for Avalanche.
Shots for this period are 9 for Sharks vs 7 for Avalanche.
2nd period
0:01 of 2nd period - David Legwand wins face-off versus Andrew Ladd in neutral zone.
0:19 of 2nd period - Maxim Afinogenov is hit by Chuck Kobasew and loses puck.
1:01 of 2nd period - Penalty to Chris Drury is over, Chris Drury is back on ice.
1:52 of 2nd period - Marc Staal is hit by Kevin Shattenkirk and loses puck.
2:22 of 2nd period - Snap shot by Alexander Radulov.
2:22 of 2nd period - Goal by Alexander Radulov - Sharks : 0 - Avalanche : 2.
2:23 of 2nd period - Paul Stastny wins face-off versus Maxim Afinogenov in neutral zone.
2:46 of 2nd period - Minor Penalty to Boris Valabik for Tripping.
2:47 of 2nd period - David Legwand wins face-off versus Bryan Little in Sharks zone.
2:47 of 2nd period - David Legwand is hit by Corey Perry.
3:07 of 2nd period - Mark Stuart is hit by Bryan Little and loses puck.
3:24 of 2nd period - Slapshot by Dan Boyle.
3:24 of 2nd period - Shot Blocked by Mark Stuart.
3:26 of 2nd period - Wrist shot by Paul Stastny.
3:26 of 2nd period - Stopped by Brent Krahn without a rebound.
3:27 of 2nd period - Paul Stastny wins face-off versus Frans Nielsen in Sharks zone.
3:32 of 2nd period - Snap shot by Andrei Kostitsyn.
3:32 of 2nd period - Shot Misses the Net.
4:02 of 2nd period - Snap shot by Mikkel Boedker.
4:02 of 2nd period - Shot Blocked by Steve Montador.
4:28 of 2nd period - Jay Bouwmeester is hit by Maxim Afinogenov and loses puck.
4:46 of 2nd period - Penalty to Boris Valabik is over, Boris Valabik is back on ice.
4:50 of 2nd period - Kevin Shattenkirk is hit by Pernell Karl Subban and loses puck.
5:03 of 2nd period - Rob Schremp is hit by Chuck Kobasew.
5:40 of 2nd period - Off-side.
5:41 of 2nd period - David Legwand wins face-off versus Paul Stastny in neutral zone.
6:22 of 2nd period - Snap shot by Andrew Ladd.
6:22 of 2nd period - Stopped by Brent Krahn with a rebound.
7:12 of 2nd period - Minor Penalty to Jay Bouwmeester for Hooking.
7:13 of 2nd period - David Legwand wins face-off versus Andrew Ladd in Avalanche zone.
7:16 of 2nd period - Snap shot by David Legwand.
7:16 of 2nd period - Shot Blocked by Johnny Boychuk.
7:18 of 2nd period - Slapshot by Mark Stuart.
7:18 of 2nd period - Stopped by Semyon Varlamov without a rebound.
7:19 of 2nd period - Andrew Ladd wins face-off versus David Legwand in Avalanche zone.
8:01 of 2nd period - Minor Penalty to Ryan Smyth for High sticking.
8:02 of 2nd period - Chuck Kobasew wins face-off versus David Legwand in Avalanche zone.
8:16 of 2nd period - Slapshot by Steve Montador.
8:16 of 2nd period - Shot Misses the Net.
8:35 of 2nd period - Icing by Steve Montador.
8:36 of 2nd period - Chuck Kobasew wins face-off versus Cal Clutterbuck in Sharks zone.
9:10 of 2nd period - Wrist shot by Frans Nielsen.
9:10 of 2nd period - Shot Misses the Net.
9:12 of 2nd period - Penalty to Jay Bouwmeester is over, Jay Bouwmeester is back on ice.
9:20 of 2nd period - Wrist shot by Alexander Radulov.
9:20 of 2nd period - Deflect By Jay Bouwmeester.
9:20 of 2nd period - Stopped by Brent Krahn without a rebound.
9:21 of 2nd period - Andrew Ladd wins face-off versus David Legwand in Sharks zone.
9:47 of 2nd period - Minor Penalty to Steve Montador for Hooking.
9:48 of 2nd period - David Legwand wins face-off versus Bryan Little in Sharks zone.
10:01 of 2nd period - Penalty to Ryan Smyth is over, Ryan Smyth is back on ice.
10:03 of 2nd period - Slapshot by David Legwand.
10:03 of 2nd period - Stopped by Semyon Varlamov without a rebound.
10:04 of 2nd period - David Legwand wins face-off versus Bryan Little in Avalanche zone.
11:18 of 2nd period - Snap shot by Damien Brunner.
11:18 of 2nd period - Deflect By Erik Cole.
11:18 of 2nd period - Shot Misses the Net.
11:18 of 2nd period - Puck is out of play.
11:19 of 2nd period - Damien Brunner wins face-off versus Paul Stastny in Avalanche zone.
11:40 of 2nd period - Ted Purcell is hit by Jay Bouwmeester and loses puck.
11:47 of 2nd period - Penalty to Steve Montador is over, Steve Montador is back on ice.
12:03 of 2nd period - Wrist shot by Alexander Radulov.
12:03 of 2nd period - Shot Misses the Net.
12:05 of 2nd period - Slapshot by Johnny Boychuk.
12:05 of 2nd period - Shot Misses the Net.
12:07 of 2nd period - Snap shot by Alexander Radulov.
12:07 of 2nd period - Stopped by Brent Krahn without a rebound.
12:08 of 2nd period - Bryan Little wins face-off versus Frans Nielsen in Sharks zone.
12:43 of 2nd period - Slapshot by Kyle Turris.
12:43 of 2nd period - Stopped by Brent Krahn with a rebound.
12:45 of 2nd period - Slapshot by Chuck Kobasew.
12:45 of 2nd period - Goal by Chuck Kobasew - Sharks : 0 - Avalanche : 3.
12:46 of 2nd period - David Legwand wins face-off versus Chris Drury in neutral zone.
12:49 of 2nd period - Slapshot by Mark Stuart.
12:49 of 2nd period - Stopped by Semyon Varlamov without a rebound.
12:50 of 2nd period - Maxim Afinogenov wins face-off versus Chris Drury in Avalanche zone.
13:17 of 2nd period - Brandon Yip is hit by Frans Nielsen and loses puck.
13:22 of 2nd period - Slapshot by Kevin Shattenkirk.
13:22 of 2nd period - Stopped by Semyon Varlamov with a rebound.
13:24 of 2nd period - Slapshot by Kevin Shattenkirk.
13:24 of 2nd period - Deflect By Frans Nielsen.
13:24 of 2nd period - Stopped by Semyon Varlamov with a rebound.
14:22 of 2nd period - Dan Boyle is hit by Frans Nielsen and loses puck.
14:37 of 2nd period - Ted Purcell is hit by Dan Boyle and loses puck.
14:52 of 2nd period - Andrej Sekera is hit by Dan Boyle.
15:19 of 2nd period - Johnny Boychuk is hit by Erik Cole and loses puck.
16:08 of 2nd period - Wrist shot by Ryane Clowe.
16:08 of 2nd period - Stopped by Semyon Varlamov without a rebound.
16:09 of 2nd period - Bryan Little wins face-off versus Frans Nielsen in Avalanche zone.
16:34 of 2nd period - David Legwand is hit by Mikkel Boedker and loses puck.
16:41 of 2nd period - Slapshot by Corey Perry.
16:41 of 2nd period - Shot Misses the Net.
16:45 of 2nd period - Wrist shot by Corey Perry.
16:45 of 2nd period - Shot Blocked by Boris Valabik.
16:47 of 2nd period - Slapshot by Marc Staal.
16:47 of 2nd period - Stopped by Brent Krahn with a rebound.
16:49 of 2nd period - Slapshot by Marc Staal.
16:49 of 2nd period - Stopped by Brent Krahn without a rebound.
16:50 of 2nd period - T.J. Hensick wins face-off versus Brandon Yip in Sharks zone.
16:50 of 2nd period - T.J. Hensick is hit by Paul Stastny.
16:58 of 2nd period - Paul Stastny is hit by Chris Campoli and loses puck.
17:10 of 2nd period - Minor Penalty to Andrei Kostitsyn for Cross-checking.
17:11 of 2nd period - Andrew Ladd wins face-off versus David Legwand in Avalanche zone.
17:15 of 2nd period - Minor Penalty to David Legwand for Slashing.
17:16 of 2nd period - Bryan Little wins face-off versus Oskar Osala in Sharks zone.
17:17 of 2nd period - Snap shot by Corey Perry.
17:17 of 2nd period - Stopped by Brent Krahn with a rebound.
17:19 of 2nd period - Slapshot by Jack Johnson.
17:19 of 2nd period - Shot Blocked by Kevin Shattenkirk.
17:23 of 2nd period - Snap shot by Corey Perry.
17:23 of 2nd period - Stopped by Brent Krahn without a rebound.
17:24 of 2nd period - Bryan Little wins face-off versus Oskar Osala in Sharks zone.
17:38 of 2nd period - Snap shot by Bryan Little.
17:38 of 2nd period - Stopped by Brent Krahn without a rebound.
17:39 of 2nd period - Bryan Little wins face-off versus Oskar Osala in Sharks zone.
18:22 of 2nd period - Slapshot by Andrew Ladd.
18:22 of 2nd period - Shot Blocked by Andrej Sekera.
18:24 of 2nd period - Slapshot by Jack Johnson.
18:24 of 2nd period - Deflect By Andrew Ladd.
18:24 of 2nd period - Stopped by Brent Krahn with a rebound.
18:26 of 2nd period - Wrist shot by Mikkel Boedker.
18:26 of 2nd period - Stopped by Brent Krahn with a rebound.
18:28 of 2nd period - Slapshot by Jack Johnson.
18:28 of 2nd period - Shot Misses the Net.
18:30 of 2nd period - Slapshot by Marc Staal.
18:30 of 2nd period - Deflect By Mikkel Boedker.
18:30 of 2nd period - Shot Hit the Post.
18:30 of 2nd period - Puck is out of play.
18:31 of 2nd period - Bryan Little wins face-off versus Oskar Osala in Sharks zone.
18:32 of 2nd period - Snap shot by Corey Perry.
18:32 of 2nd period - Goal by Corey Perry - Sharks : 0 - Avalanche : 4.
18:33 of 2nd period - Bryan Little wins face-off versus Oskar Osala in neutral zone.
18:46 of 2nd period - Slapshot by Jack Johnson.
18:46 of 2nd period - Shot Blocked by Ted Purcell.
18:48 of 2nd period - Snap shot by Marc Staal.
18:48 of 2nd period - Stopped by Brent Krahn with a rebound.
18:50 of 2nd period - Slapshot by Jack Johnson.
18:50 of 2nd period - Shot Misses the Net.
18:56 of 2nd period - Minor Penalty to Oskar Osala for Holding.
18:57 of 2nd period - Bryan Little wins face-off versus Damien Brunner in Sharks zone.
18:58 of 2nd period - Snap shot by Corey Perry.
18:58 of 2nd period - Deflect By Bryan Little.
18:58 of 2nd period - Shot Hit the Post.
18:58 of 2nd period - Puck is out of play.
18:59 of 2nd period - Bryan Little wins face-off versus Damien Brunner in Sharks zone.
19:10 of 2nd period - Penalty to Andrei Kostitsyn is over, Andrei Kostitsyn is back on ice.
19:15 of 2nd period - Penalty to David Legwand is over, David Legwand is back on ice.
19:36 of 2nd period - Wrist shot by Corey Perry.
19:36 of 2nd period - Shot Misses the Net.
Goals for this period are 0 for Sharks vs 3 for Avalanche.
Shots for this period are 6 for Sharks vs 16 for Avalanche.
3rd period
0:01 of 3rd period - Bryan Little wins face-off versus David Legwand in neutral zone.
0:05 of 3rd period - Off-side.
0:06 of 3rd period - Bryan Little wins face-off versus David Legwand in neutral zone.
0:09 of 3rd period - Snap shot by Dan Boyle.
0:09 of 3rd period - Deflect By Mikkel Boedker.
0:09 of 3rd period - Shot Misses the Net.
0:09 of 3rd period - Puck is out of play.
0:10 of 3rd period - David Legwand wins face-off versus Bryan Little in Sharks zone.
0:10 of 3rd period - David Legwand is hit by Bryan Little.
0:32 of 3rd period - Snap shot by Corey Perry.
0:32 of 3rd period - Shot Blocked by Kevin Shattenkirk.
0:56 of 3rd period - Penalty to Oskar Osala is over, Oskar Osala is back on ice.
1:01 of 3rd period - Bryan Little is hit by Oskar Osala.
1:41 of 3rd period - Slapshot by Steve Montador.
1:41 of 3rd period - Shot Misses the Net.
1:43 of 3rd period - Slapshot by Chris Campoli.
1:43 of 3rd period - Shot Blocked by Jay Bouwmeester.
1:45 of 3rd period - Slapshot by Steve Montador.
1:45 of 3rd period - Shot Blocked by Dan Boyle.
1:47 of 3rd period - Slapshot by Frans Nielsen.
1:47 of 3rd period - Shot Blocked by Bryan Little.
1:49 of 3rd period - Wrist shot by Frans Nielsen.
1:49 of 3rd period - Deflect By Oskar Osala.
1:49 of 3rd period - Stopped by Semyon Varlamov without a rebound.
1:50 of 3rd period - T.J. Hensick wins face-off versus Paul Stastny in Avalanche zone.
2:26 of 3rd period - Slapshot by Alexander Radulov.
2:26 of 3rd period - Goal by Alexander Radulov - Sharks : 0 - Avalanche : 5.
2:26 of 3rd period - Tyler Weiman enters game.
2:27 of 3rd period - Paul Stastny wins face-off versus David Legwand in neutral zone.
2:52 of 3rd period - Jack Johnson is hit by Nick Palmieri and loses puck.
3:03 of 3rd period - Slapshot by Boris Valabik.
3:03 of 3rd period - Stopped by Semyon Varlamov with a rebound.
3:05 of 3rd period - Wrist shot by T.J. Hensick.
3:05 of 3rd period - Shot Misses the Net.
3:17 of 3rd period - Snap shot by Andrew Ladd.
3:17 of 3rd period - Stopped by Tyler Weiman without a rebound.
3:18 of 3rd period - Alexander Radulov wins face-off versus Frans Nielsen in Sharks zone.
3:22 of 3rd period - Icing by Kevin Shattenkirk.
3:23 of 3rd period - Frans Nielsen wins face-off versus Chris Drury in Sharks zone.
3:25 of 3rd period - Icing by Ryane Clowe.
3:26 of 3rd period - Frans Nielsen wins face-off versus Chris Drury in Sharks zone.
3:26 of 3rd period - Frans Nielsen is hit by Jay Bouwmeester.
3:40 of 3rd period - Slapshot by Kevin Shattenkirk.
3:40 of 3rd period - Shot Misses the Net.
3:42 of 3rd period - Slapshot by Mark Stuart.
3:42 of 3rd period - Shot Blocked by Jay Bouwmeester.
3:50 of 3rd period - Wrist shot by Frans Nielsen.
3:50 of 3rd period - Shot Hit the Post.
3:52 of 3rd period - Slapshot by Mark Stuart.
3:52 of 3rd period - Stopped by Semyon Varlamov without a rebound.
3:53 of 3rd period - Paul Stastny wins face-off versus David Legwand in Avalanche zone.
3:55 of 3rd period - Minor Penalty to Steve Montador for Tripping.
3:56 of 3rd period - Bryan Little wins face-off versus David Legwand in Sharks zone.
4:07 of 3rd period - Snap shot by Mikkel Boedker.
4:07 of 3rd period - Shot Misses the Net.
4:09 of 3rd period - Wrist shot by Bryan Little.
4:09 of 3rd period - Stopped by Tyler Weiman without a rebound.
4:10 of 3rd period - Bryan Little wins face-off versus David Legwand in Sharks zone.
4:11 of 3rd period - Snap shot by Corey Perry.
4:11 of 3rd period - Shot Blocked by Ted Purcell.
4:13 of 3rd period - Slapshot by Jay Bouwmeester.
4:13 of 3rd period - Stopped by Tyler Weiman without a rebound.
4:14 of 3rd period - David Legwand wins face-off versus Bryan Little in Sharks zone.
4:29 of 3rd period - Snap shot by Corey Perry.
4:29 of 3rd period - Stopped by Tyler Weiman with a rebound.
5:55 of 3rd period - Penalty to Steve Montador is over, Steve Montador is back on ice.
6:09 of 3rd period - Wrist shot by Kyle Turris.
6:09 of 3rd period - Deflect By Kevin Shattenkirk.
6:09 of 3rd period - Stopped by Tyler Weiman with a rebound.
6:11 of 3rd period - Snap shot by Kyle Turris.
6:11 of 3rd period - Shot Misses the Net.
6:24 of 3rd period - Off-side.
6:25 of 3rd period - T.J. Hensick wins face-off versus Chris Drury in neutral zone.
6:59 of 3rd period - Brandon Yip is hit by Frans Nielsen and loses puck.
7:29 of 3rd period - Off-side.
7:30 of 3rd period - David Legwand wins face-off versus Bryan Little in neutral zone.
7:47 of 3rd period - Mark Stuart is hit by Jay Bouwmeester and loses puck.
8:16 of 3rd period - T.J. Hensick is hit by Dan Boyle and loses puck.
9:00 of 3rd period - Snap shot by T.J. Hensick.
9:00 of 3rd period - Shot Misses the Net.
9:15 of 3rd period - Off-side.
9:16 of 3rd period - Bryan Little wins face-off versus David Legwand in neutral zone.
9:19 of 3rd period - Slapshot by Jay Bouwmeester.
9:19 of 3rd period - Shot Misses the Net.
9:41 of 3rd period - Slapshot by Damien Brunner.
9:41 of 3rd period - Stopped by Semyon Varlamov without a rebound.
9:42 of 3rd period - Alexander Radulov wins face-off versus Frans Nielsen in Avalanche zone.
9:42 of 3rd period - Alexander Radulov is hit by Erik Cole.
10:18 of 3rd period - Slapshot by Jack Johnson.
10:18 of 3rd period - Shot Misses the Net.
10:24 of 3rd period - Penalty Shot by Chris Campoli for Sharks.
10:24 of 3rd period - Deke by Chris Campoli.
10:24 of 3rd period - Stopped by Semyon Varlamov.
10:25 of 3rd period - Chris Drury wins face-off versus Ted Purcell in Sharks zone.
10:26 of 3rd period - Snap shot by Alexander Radulov.
10:26 of 3rd period - Shot Misses the Net.
10:28 of 3rd period - Wrist shot by Chris Drury.
10:28 of 3rd period - Stopped by Tyler Weiman with a rebound.
10:30 of 3rd period - Slapshot by Jay Bouwmeester.
10:30 of 3rd period - Stopped by Tyler Weiman with a rebound.
10:32 of 3rd period - Wrist shot by Andrew Ladd.
10:32 of 3rd period - Shot Blocked by Boris Valabik.
10:34 of 3rd period - Snap shot by Andrew Ladd.
10:34 of 3rd period - Stopped by Tyler Weiman with a rebound.
10:36 of 3rd period - Slapshot by Jay Bouwmeester.
10:36 of 3rd period - Shot Blocked by Steve Montador.
10:38 of 3rd period - Snap shot by Alexander Radulov.
10:38 of 3rd period - Deflect By Andrew Ladd.
10:38 of 3rd period - Shot Misses the Net.
10:38 of 3rd period - Puck is out of play.
10:39 of 3rd period - David Legwand wins face-off versus Bryan Little in Sharks zone.
10:39 of 3rd period - David Legwand is hit by Bryan Little.
10:44 of 3rd period - David Legwand beats up Jay Bouwmeester.
10:44 of 3rd period - Penalty to Jay Bouwmeester for Fighting.
10:44 of 3rd period - Penalty to David Legwand for Fighting.
10:45 of 3rd period - Bryan Little wins face-off versus Oskar Osala in neutral zone.
11:05 of 3rd period - Minor Penalty to Maxim Afinogenov for Slashing.
11:06 of 3rd period - Damien Brunner wins face-off versus Bryan Little in Sharks zone.
11:21 of 3rd period - Wrist shot by Damien Brunner.
11:21 of 3rd period - Shot Misses the Net.
12:22 of 3rd period - Off-side.
12:23 of 3rd period - Erik Cole wins face-off versus Bryan Little in neutral zone.
12:50 of 3rd period - Johnny Boychuk is hit by Erik Cole and loses puck.
13:05 of 3rd period - Penalty to Maxim Afinogenov is over, Maxim Afinogenov is back on ice.
13:11 of 3rd period - Steve Montador is hit by Dan Boyle and loses puck.
13:24 of 3rd period - Maxim Afinogenov is hit by Kyle Turris and loses puck.
13:35 of 3rd period - Wrist shot by Frans Nielsen.
13:35 of 3rd period - Goal by Frans Nielsen - Sharks : 1 - Avalanche : 5.
13:36 of 3rd period - Oskar Osala wins face-off versus Chris Drury in neutral zone.
13:38 of 3rd period - Andrew Ladd beats up Ted Purcell.
13:38 of 3rd period - Penalty to Andrew Ladd for Fighting.
13:38 of 3rd period - Penalty to Ted Purcell for Fighting.
13:39 of 3rd period - Oskar Osala wins face-off versus Chris Drury in neutral zone.
13:49 of 3rd period - Icing by Pernell Karl Subban.
13:50 of 3rd period - Chris Drury wins face-off versus Oskar Osala in Avalanche zone.
13:56 of 3rd period - Dan Boyle and Maxim Afinogenov fight to a draw.
13:56 of 3rd period - Penalty to Dan Boyle for Fighting.
13:56 of 3rd period - Penalty to Maxim Afinogenov for Fighting.
13:57 of 3rd period - Oskar Osala wins face-off versus Bryan Little in Sharks zone.
14:04 of 3rd period - Corey Perry is hit by Oskar Osala and loses puck.
14:09 of 3rd period - Snap shot by Kevin Shattenkirk.
14:09 of 3rd period - Stopped by Semyon Varlamov without a rebound.
14:10 of 3rd period - Paul Stastny wins face-off versus Oskar Osala in Avalanche zone.
14:10 of 3rd period - Paul Stastny is hit by Nick Palmieri.
14:21 of 3rd period - Slapshot by Kevin Shattenkirk.
14:21 of 3rd period - Stopped by Semyon Varlamov without a rebound.
14:22 of 3rd period - Bryan Little wins face-off versus Oskar Osala in Avalanche zone.
15:28 of 3rd period - Minor Penalty to Erik Cole for Roughing.
15:29 of 3rd period - Bryan Little wins face-off versus Damien Brunner in Sharks zone.
15:44 of 3rd period - Penalty to David Legwand is over, David Legwand is back on ice.
15:46 of 3rd period - Snap shot by Corey Perry.
15:46 of 3rd period - Stopped by Tyler Weiman with a rebound.
16:02 of 3rd period - Ryane Clowe is hit by Alexander Radulov and loses puck.
17:28 of 3rd period - Penalty to Erik Cole is over, Erik Cole is back on ice.
18:16 of 3rd period - Andrej Sekera is hit by Andrei Kostitsyn.
19:00 of 3rd period - Jack Johnson is hit by Rob Schremp and loses puck.
19:49 of 3rd period - Dan Boyle is hit by Frans Nielsen and loses puck.
Goals for this period are 1 for Sharks vs 1 for Avalanche.
Shots for this period are 7 for Sharks vs 10 for Avalanche.
Back to the Top